% Time on Ice - EDMONTON ICE
Lines # - Real PCT - Wanted PCT - Time Play
Normal Forward
1 - 38% - 37% - 16:49
2 - 34% - 34% - 15:04
3 - 25% - 23% - 11:04
4 - 4% - 6% - 1:37
Normal Defense
1 - 38% - 37% - 16:47
2 - 33% - 33% - 14:39
3 - 25% - 23% - 11:14
4 - 4% - 7% - 1:54
PP Forward
1 - 59% - 57% - 6:02
2 - 41% - 43% - 4:12
PP Defense
1 - 51% - 57% - 5:16
2 - 49% - 43% - 4:58
PK Forward
1 - 68% - 57% - 3:31
2 - 32% - 43% - 1:41
PK Defense
1 - 56% - 57% - 2:56
2 - 44% - 43% - 2:16
PK3 Forward
1 - 0% - 55%
2 - 0% - 45%
PK3 Defense
1 - 0% - 55%
2 - 0% - 45%
44 Forward
1 - 0% - 55%
2 - 0% - 45%
44 Defense
1 - 0% - 55%
2 - 0% - 45%
Last Minute Offensive  - 0:00
Last Minute Defensive  - 0:00
Total
Forward - 60:00
Defense - 60:00
% Time on Ice - TEXAS TOROS
Lines # - Real PCT - Wanted PCT - Time Play
Normal Forward
1 - 27% - 36% - 12:12
2 - 26% - 31% - 11:46
3 - 29% - 23% - 13:05
4 - 17% - 10% - 7:31
Normal Defense
1 - 32% - 36% - 14:16
2 - 31% - 31% - 13:37
3 - 33% - 23% - 14:30
4 - 5% - 10% - 2:11
PP Forward
1 - 52% - 55% - 2:43
2 - 48% - 45% - 2:29
PP Defense
1 - 57% - 55% - 2:57
2 - 43% - 45% - 2:15
PK Forward
1 - 67% - 55% - 6:52
2 - 33% - 45% - 3:22
PK Defense
1 - 59% - 55% - 6:04
2 - 41% - 45% - 4:10
PK3 Forward
1 - 0% - 55%
2 - 0% - 45%
PK3 Defense
1 - 0% - 55%
2 - 0% - 45%
44 Forward
1 - 0% - 55%
2 - 0% - 45%
44 Defense
1 - 0% - 55%
2 - 0% - 45%
Last Minute Offensive  - 0:00
Last Minute Defensive  - 0:00
Total
Forward - 60:00
Defense - 60:00
Play-by-Play 1st period 0:01 of 1st period - Nazem Kadri wins face-off versus Ryan O'Reilly in neutral zone. 0:14 of 1st period - Shot by Justin Abdelkader. 0:14 of 1st period - Stopped by Philipp Grubauer without a rebound. 0:15 of 1st period - Valtteri Filppula wins face-off versus Joel Eriksson Ek in EDMONTON ICE zone. 0:49 of 1st period - Shot by Timo Meier. 0:49 of 1st period - Shot Misses the Net. 0:51 of 1st period - Shot by Anthony Mantha. 0:51 of 1st period - Shot Misses the Net. 1:44 of 1st period - Off-side. 1:45 of 1st period - Justin Abdelkader wins face-off versus Ryan O'Reilly in neutral zone. 2:56 of 1st period - Icing by Jack Johnson. 2:57 of 1st period - Mikko Koivu wins face-off versus John Quenneville in EDMONTON ICE zone. 3:08 of 1st period - Shot by Mikko Koivu. 3:08 of 1st period - Stopped by Cory Schneider with a rebound. 3:52 of 1st period - Shot by Anthony Mantha. 3:52 of 1st period - Stopped by Cory Schneider without a rebound. 3:53 of 1st period - Ryan O'Reilly wins face-off versus Barrett Hayton in TEXAS TOROS zone. 3:58 of 1st period - Shot by Patric Hornqvist. 3:58 of 1st period - Shot Blocked by Tyson Barrie. 4:00 of 1st period - Shot by Jaden Schwartz. 4:00 of 1st period - Goal by Jaden Schwartz - EDMONTON ICE : 1 - TEXAS TOROS : 0. 4:01 of 1st period - Ryan O'Reilly wins face-off versus Valtteri Filppula in neutral zone. 4:31 of 1st period - Shot by Jaden Schwartz. 4:31 of 1st period - Shot Blocked by Aaron Ekblad. 5:47 of 1st period - Shot by Timo Meier. 5:47 of 1st period - Goal by Timo Meier - EDMONTON ICE : 2 - TEXAS TOROS : 0. 5:48 of 1st period - Nazem Kadri wins face-off versus Joel Eriksson Ek in neutral zone. 5:50 of 1st period - Minor Penalty to Colton Parayko for Holding. 5:51 of 1st period - Nazem Kadri wins face-off versus Boone Jenner in EDMONTON ICE zone. 5:54 of 1st period - Shot by Nazem Kadri. 5:54 of 1st period - Deflect By Jake Virtanen. 5:54 of 1st period - Stopped by Philipp Grubauer without a rebound. 5:55 of 1st period - Nazem Kadri wins face-off versus Ondrej Kase in EDMONTON ICE zone. 6:04 of 1st period - Shot by Nazem Kadri. 6:04 of 1st period - Shot Misses the Net. 6:06 of 1st period - Shot by David Savard. 6:06 of 1st period - Shot Blocked by Shea Theodore. 6:30 of 1st period - Shot by Aaron Ekblad. 6:30 of 1st period - Shot Misses the Net. 6:32 of 1st period - Shot by Justin Abdelkader. 6:32 of 1st period - Shot Blocked by Jack Johnson. 6:53 of 1st period - Icing by Tyson Barrie. 6:54 of 1st period - Valtteri Filppula wins face-off versus Boone Jenner in TEXAS TOROS zone. 7:52 of 1st period - Off-side. 7:53 of 1st period - John Quenneville wins face-off versus Anthony Mantha in neutral zone. 8:29 of 1st period - Shot by Anthony Mantha. 8:29 of 1st period - Stopped by Cory Schneider without a rebound. 8:30 of 1st period - Ryan O'Reilly wins face-off versus Barrett Hayton in TEXAS TOROS zone. 8:30 of 1st period - Jaden Schwartz is hit by David Savard and loses puck. 8:33 of 1st period - Shot by Jaden Schwartz. 8:33 of 1st period - Shot Blocked by David Savard. 8:41 of 1st period - Shot by Ryan O'Reilly. 8:41 of 1st period - Stopped by Cory Schneider without a rebound. 8:42 of 1st period - Nazem Kadri wins face-off versus Mikko Koivu in TEXAS TOROS zone. 8:55 of 1st period - Shot by Boone Jenner. 8:55 of 1st period - Stopped by Cory Schneider with a rebound. 8:57 of 1st period - Shot by Boone Jenner. 8:57 of 1st period - Shot Misses the Net. 9:06 of 1st period - Minor Penalty to Madison Bowey for High sticking. 9:07 of 1st period - Ryan O'Reilly wins face-off versus Nazem Kadri in TEXAS TOROS zone. 9:54 of 1st period - Shot by Ryan O'Reilly. 9:54 of 1st period - Shot Misses the Net. 10:12 of 1st period - Shot by Timo Meier. 10:12 of 1st period - Shot Misses the Net. 10:14 of 1st period - Shot by Colton Parayko. 10:14 of 1st period - Shot Misses the Net. 10:16 of 1st period - Shot by Timo Meier. 10:16 of 1st period - Shot Blocked by Dante Fabbro. 10:18 of 1st period - Shot by Timo Meier. 10:18 of 1st period - Shot Misses the Net. 10:20 of 1st period - Shot by Timo Meier. 10:20 of 1st period - Shot Misses the Net. 10:22 of 1st period - Shot by Ondrej Kase. 10:22 of 1st period - Stopped by Cory Schneider without a rebound. 10:23 of 1st period - Joel Eriksson Ek wins face-off versus Jake Virtanen in TEXAS TOROS zone. 11:06 of 1st period - David Savard is hit by Boone Jenner. 11:11 of 1st period - Off-side. 11:12 of 1st period - Barrett Hayton wins face-off versus Patric Hornqvist in neutral zone. 11:17 of 1st period - Shea Theodore is hit by Dale Weise. 11:49 of 1st period - Shot by Ryan O'Reilly. 11:49 of 1st period - Shot Blocked by Aaron Ekblad. 12:27 of 1st period - Shot by Conor Sheary. 12:27 of 1st period - Stopped by Philipp Grubauer without a rebound. 12:28 of 1st period - Joel Eriksson Ek wins face-off versus Nazem Kadri in EDMONTON ICE zone. 12:44 of 1st period - Jake Virtanen is hit by Jack Johnson and loses puck. 13:39 of 1st period - Shot by Nick Cousins. 13:39 of 1st period - Shot Blocked by Jeff Petry. 13:41 of 1st period - Shot by Vince Dunn. 13:41 of 1st period - Stopped by Philipp Grubauer without a rebound. 13:42 of 1st period - Mikko Koivu wins face-off versus Sven Baertschi in EDMONTON ICE zone. 14:56 of 1st period - Icing by Aaron Ekblad. 14:57 of 1st period - Joel Eriksson Ek wins face-off versus Sven Baertschi in TEXAS TOROS zone. 15:25 of 1st period - Shot by Anthony Mantha. 15:25 of 1st period - Deflect By Timo Meier. 15:25 of 1st period - Stopped by Cory Schneider without a rebound. 15:26 of 1st period - Nazem Kadri wins face-off versus Jaden Schwartz in TEXAS TOROS zone. 15:28 of 1st period - Icing by Jake Virtanen. 15:29 of 1st period - Ryan O'Reilly wins face-off versus Nazem Kadri in TEXAS TOROS zone. 15:32 of 1st period - Shot by Ryan O'Reilly. 15:32 of 1st period - Stopped by Cory Schneider without a rebound. 15:33 of 1st period - Ryan O'Reilly wins face-off versus Nazem Kadri in TEXAS TOROS zone. 15:34 of 1st period - Shot by Patric Hornqvist. 15:34 of 1st period - Stopped by Cory Schneider without a rebound. 15:35 of 1st period - Nazem Kadri wins face-off versus Joel Eriksson Ek in TEXAS TOROS zone. 17:38 of 1st period - Shot by Boone Jenner. 17:38 of 1st period - Shot Misses the Net. 17:40 of 1st period - Shot by Jack Johnson. 17:40 of 1st period - Stopped by Cory Schneider without a rebound. 17:41 of 1st period - Barrett Hayton wins face-off versus Ivan Barbashev in TEXAS TOROS zone. 18:11 of 1st period - Icing by Aaron Ekblad. 18:12 of 1st period - Barrett Hayton wins face-off versus Joel Eriksson Ek in TEXAS TOROS zone. 18:17 of 1st period - Shea Theodore is hit by Dale Weise and loses puck. 19:40 of 1st period - Shot by Conor Sheary. 19:40 of 1st period - Shot Misses the Net. Goals for this period are 2 for EDMONTON ICE vs 0 for TEXAS TOROS. Shots for this period are 12 for EDMONTON ICE vs 4 for TEXAS TOROS. 2nd period 0:01 of 2nd period - Ryan O'Reilly wins face-off versus Nazem Kadri in neutral zone. 0:38 of 2nd period - Shot by Ryan O'Reilly. 0:38 of 2nd period - Shot Misses the Net. 0:40 of 2nd period - Shot by Colton Parayko. 0:40 of 2nd period - Stopped by Cory Schneider with a rebound. 1:10 of 2nd period - Shot by Ondrej Kase. 1:10 of 2nd period - Shot Blocked by Aaron Ekblad. 1:12 of 2nd period - Shot by Boone Jenner. 1:12 of 2nd period - Stopped by Cory Schneider without a rebound. 1:13 of 2nd period - Joel Eriksson Ek wins face-off versus Nick Cousins in TEXAS TOROS zone. 1:16 of 2nd period - Shot by Timo Meier. 1:16 of 2nd period - Stopped by Cory Schneider with a rebound. 1:40 of 2nd period - Shot by Anthony Mantha. 1:40 of 2nd period - Stopped by Cory Schneider with a rebound. 2:33 of 2nd period - Icing by Dante Fabbro. 2:34 of 2nd period - Ryan O'Reilly wins face-off versus Barrett Hayton in TEXAS TOROS zone. 2:35 of 2nd period - Shot by Jaden Schwartz. 2:35 of 2nd period - Stopped by Cory Schneider without a rebound. 2:36 of 2nd period - John Quenneville wins face-off versus Ryan O'Reilly in TEXAS TOROS zone. 2:51 of 2nd period - Shot by Sven Baertschi. 2:51 of 2nd period - Stopped by Philipp Grubauer with a rebound. 3:30 of 2nd period - Shot by Barrett Hayton. 3:30 of 2nd period - Shot Misses the Net. 3:32 of 2nd period - Shot by Barrett Hayton. 3:32 of 2nd period - Shot Blocked by Colton Parayko. 3:34 of 2nd period - Shot by Barrett Hayton. 3:34 of 2nd period - Stopped by Philipp Grubauer without a rebound. 3:35 of 2nd period - Joel Eriksson Ek wins face-off versus Jake Virtanen in EDMONTON ICE zone. 3:35 of 2nd period - Joel Eriksson Ek is hit by Jake Virtanen. 3:45 of 2nd period - Shot by Timo Meier. 3:45 of 2nd period - Deflect By Anthony Mantha. 3:45 of 2nd period - Stopped by Cory Schneider without a rebound. 3:46 of 2nd period - Mikko Koivu wins face-off versus Valtteri Filppula in TEXAS TOROS zone. 4:05 of 2nd period - Shot by Valtteri Filppula. 4:05 of 2nd period - Shot Misses the Net. 4:11 of 2nd